AoeStats
← Snobyman

Black Forest

509233012Analyzed
4v4 RM · 8d ago on Sep 26, 2026· 28m 36s· 8 players
Game mode
Random Map
Map size
Large (8 player)
Population
200
Speed
Normal
Resources
Standard
Victory
Conquest
Starting age
Dark Age
Ending age
Imperial Age
RankedLock teamsTeams togetherTeam positionsShared explorationLock speedFull tech treeHidden civsTurbo modeCheats
Victory
Defeat
506
+16
🇦🇷 Britons · Argentina
485
+17
🇨🇱 Mapuche · Chile
475
+18
🇦🇺 Khmer · Australia
442
+19
🇨🇦 Byzantines · Canada
579
-20
🇺🇸 Franks · United States
516
-18
🇺🇸 Celts · United States
483
-16
🇨🇦 Jurchens · Canada
463
-16
rocketmax12
1:38 Loom
11:40 Feudal Age
13:00 Wheelbarrow
12:10 Town Watch
13:17 Double-Bit Axe
17:58 Gold Mining
17:58 Stone Mining
23:57 Castle Age
25:06 Bow Saw
25:39 Hand Cart
28:52 Town Patrol
Feudal Temptation
0:46 Loom
15:10 Feudal Age
21:29 Castle Age
24:03 Wheelbarrow
23:13 Horse Collar
23:27 Double-Bit Axe
24:47 Bow Saw
chatonbrutal
0:29 Loom
14:24 Feudal Age
20:56 Castle Age
19:17 Double-Bit Axe
22:25 Padded Archer Armor
22:16 Fletching
Ambwind
2:13 Loom
Derribando Burocracias
9:31 Feudal Age
11:38 Double-Bit Axe
12:33 Wheelbarrow
17:24 Castle Age
16:25 Fletching
17:23 Loom
17:28 Horse Collar
18:35 Bow Saw
19:46 Hand Cart
20:47 Town Watch
21:43 Stone Mining
25:11 Murder Holes
Chafalote
0:31 Loom
10:46 Feudal Age
11:14 Double-Bit Axe
13:33 Horse Collar
16:54 Wheelbarrow
21:13 Castle Age
20:52 Man-at-Arms
21:26 Gold Mining
21:32 Stone Mining
22:19 Bow Saw
24:15 Crossbowman
30:58 Imperial Age
Snobyman
1:14 Loom
21:48 Feudal Age
23:41 Wheelbarrow
25:07 Castle Age
23:20 Stone Mining
23:28 Double-Bit Axe
23:32 Horse Collar
24:01 Gold Mining
29:50 Imperial Age
cvarascaica
0:28 Loom
14:51 Feudal Age
15:24 Double-Bit Axe
16:06 Horse Collar
17:07 Wheelbarrow
16:29 Town Watch
20:16 Gold Mining
20:20 Stone Mining
21:16 Arson
20:52 Champi Runner
22:09 Forging
22:00 Scale Mail Armor
27:45 Castle Age
27:52 Pikeman
28:40 Heavy Plow
28:50 Bow Saw
Connection lost

Rejoining the realm…

Still unreachable

The connection could not be restored.

Session expired

The server has moved on; the page needs a fresh start.